cohdb
Replays
Latest Replays
All Replays
Popular Replays
Top Player Replays
Match Explorer
How It Works
Community
CoH3 Stats
Reddit
Sign in to upload your games and track your stats! →
Sign in with Steam
Match 44765944
Unlisted
Match 44765944
Overview
Messages
Build Orders
End
Panzergrenadier Squad
Panzergrenadier Squad
Selects Armored Support Battlegroup
Kradschützen Motorcycle Team
Construct Light Support Kompanie
MG34 Team
Fire Support Elements
Selects Salvage Kits
Panzergrenadier Squad
Selects Superior Fire Drills
Construct Panzerarmee Kommand
Assault Mechanized Group
狙鸡手牛爷爷
以帅服人
大户爱(奶龙版)
番茄
76561199423830782
천공
MOMO
lplp4943718
0
0
Comments
sign in to comment!
No comments posted yet!